 Dungeon Crawl Stone Soup version 0.30-a0-4-ga7cffc901d (webtiles) character file.

Game seed: 14944841097718355746

14 Setbun the Sneak (level 2, -3/16 HPs)
             Began as a Kobold Enchanter on Aug 20, 2022.
             Killed from afar by a dart slug (6 damage)
             ... with a slug dart
             ... on level 2 of the Dungeon.
             The game lasted 00:00:24 (964 turns).

Setbun the Sneak (Kobold Enchanter)                  Turns: 964, Time: 00:00:25

Health: -3/16      AC:  2    Str:  5    XL:     2   Next: 55%
Magic:  5/5        EV: 15    Int: 16    God:
Gold:   29         SH:  0    Dex: 15    Spells: 5/5 levels left

rFire   . . .      SeeInvis .    a - +1 dagger
rCold   . . .      Faith    .    (no shield)
rNeg    . . .      Spirit   .    b - +0 robe
rPois   .          Reflect  .    (no helmet)
rElec   .          Harm     .    (no cloak)
rCorr   .          Rampage  .    (no gloves)
Will    .....                    (no boots)
Stlth   ++++......               (no amulet)
HPRegen 0.05/turn                (no ring)
MPRegen 0.09/turn                (no ring)

@: no status effects
A: small, no large weapons, nightstalker 3
a: no special abilities


You were on level 2 of the Dungeon.
You visited 1 branch of the dungeon, and saw 2 of its levels.

You collected 29 gold pieces.

Inventory:

Hand Weapons
 a - a +1 dagger (weapon)
Armour
 b - a +0 robe (worn)
Scrolls
 g - 2 scrolls of poison {unknown}
Potions
 c - 2 potions of invisibility
 d - a potion of haste {unknown}
 e - a potion of lignification {unknown}
 f - 2 potions of degeneration {unknown}
 h - a potion of heal wounds {unknown}


   Skills:
 + Level 0.4 Fighting
 * Level 2.2 Short Blades
 + Level 2.6 Dodging
 + Level 4.1 Stealth
 + Level 2.3 Spellcasting
 + Level 3.0 Hexes


You had 5 spell levels left.
You didn't know any spells.
Your spell library contained the following spells:

 Spells                   Type           Power      Damage    Failure   Level
 Slow                     Hex            44%        N/A       6%          1
 Ensorcelled Hibernation  Hex/Ice        12%        N/A       16%         2
 Confusing Touch          Hex            11%        N/A       17%         3
 Tukima's Dance           Hex            11%        N/A       17%         3
 Dazzling Flash           Conj/Hex       12%        N/A       32%         3
 Vampiric Draining        Necr           1%         2d6       52%         3


Dungeon Overview and Level Annotations

Branches:
Dungeon (2/15)

Altars:


Innate Abilities, Weirdness & Mutations

You are small and have problems with some larger weapons.
You are completely attuned to the shadows.


Message History

You hit the worm.
The worm is heavily wounded.
A dart slug comes into view.
You hit the worm.
The worm is severely wounded.
The worm completely misses you.
You hit the worm but do no damage.
The worm is severely wounded.
You hit the worm.
The worm is severely wounded.
The worm bites you. The rat barely misses you.
You hit the worm but do no damage.
The worm is severely wounded.
You hit the worm.
The worm is almost dead.
The rat bites you. The worm closely misses you.
You barely miss the worm.
The worm is severely wounded.
The rat bites you.
* * * LOW HITPOINT WARNING * * *
You hit the worm.
The worm is almost dead.
The worm closely misses you. The rat barely misses you.
You hit the worm.
You kill the worm!
The rat barely misses you.
You hit the dart slug.
The dart slug is heavily wounded.
The dart slug barely misses you. The rat barely misses you.
You hit the dart slug.
The dart slug is severely wounded.
The rat barely misses you.
You hit the dart slug but do no damage.
The dart slug is severely wounded.
The dart slug misses you. The rat barely misses you.
You hit the dart slug but do no damage.
The dart slug is severely wounded.
The dart slug launches a dart at you. The slug dart hits you.
You die...

####.##.##.####
#....##........
#..#######.####
#..# #.#
#..#..# #.#
##.##.## #.#
#..#..# #rw#..#
. #.@#).# #
#.....# #
####### # # ..
#


You could see a dart slug and a rat.

Vanquished Creatures
  A worm (D:2)
  2 ball pythons (D:1)
  A goblin (D:2)
  3 hobgoblins (D:1)
  3 bats
10 creatures vanquished.

Notes
Turn   | Place    | Note
-------+----------+-------------------------------------------
     0 | D:1      | Setbun the Kobold Enchanter began the quest for the Orb.
     0 | D:1      | Reached XP level 1. HP: 10/10 MP: 3/3
    99 | D:1      | Found a faded altar of an unknown god.
   535 | D:1      | Reached XP level 2. HP: 15/15 MP: 5/5
   964 | D:2      | Killed from afar by a dart slug

Illustrated notes

Levels and vault maps discovered:
D:1:      reono_arrival_mine, layout_loops_ring, ebering_ecumenical_altar_webs
D:2:      minmay_angry_zag, layout_basic, uniq_robin

Skill      XL: |  1 |
---------------+----+-----
Short Blades   | 2 |  2.2
Fighting       | |  0.4
Dodging        | |  2.6
Stealth        | |  4.1
Spellcasting   | |  2.3
Hexes          | |  3.0

Action                   || total
-------------------------++-------
Melee: Dagger            ||    36
       Punch             ||     1
 Stab: Sleeping          ||     7
Armor: Robe              ||     5
Dodge: Dodged            ||    26

Table legend: (Time is in decaauts)
 A = Elapsed time spent in this place.
 B = Non-inter-level travel time spent in this place.
 C = Inter-level travel time spent in this place.
 D = Time resting spent in this place.
 E = Time spent auto-exploring this place.
 F = Levels seen in this place.
 G = Mean time per level.
                   A        B        C        D        E       F      G
               +--------+--------+--------+--------+--------+-----+--------+
         Total |    960 |    919 |     41 |      0 |    834 |   2 |  480.0 |
       Dungeon |    960 |    919 |     41 |      0 |    834 |   2 |  480.0 |
               +--------+--------+--------+--------+--------+-----+--------+

Top non-repeatable levels by time:
     D:1: 850 daAuts
     D:2: 109 daAuts
